 Dungeon Crawl Stone Soup version 0.17.0-22-g5edae84 (webtiles) character file.

5637 Vatticson the Cleaver (level 10, -5/93 HPs)
             Began as a Minotaur Berserker on Nov 12, 2015.
             Was a High Priest of Trog.
             Slain by a seven-headed hydra (11 damage)
             ... on level 9 of the Dungeon.
             The game lasted 00:31:56 (9104 turns).

Vatticson the Cleaver (Minotaur Berserker)          Turns: 9104, Time: 00:31:57

Health: -5/93      AC:  9    Str: 35    XL:     10   Next: 46%
Magic:  9/9        EV: 13    Int:  6    God:    Trog [*****.]
Gold:   309        SH:  0    Dex: 10    Spells: 0 memorised, 9 levels left

rFire  . . .     SeeInvis +     z - +2 battleaxe (curse)
rCold  . . .     Clarity  .     g - +0 ring mail
rNeg   . . .     SustAt   .     (shield currently unavailable)
rPois  .         Gourm    .     (helmet restricted)
rElec  .         Spirit   .     j - +1 cloak
rCorr  .         Warding  .     (no gloves)
rMut   .         Stasis   .     (no boots)
MR     .....                    (no amulet)
Stlth  ..........               i - ring of see invisible
                                l - +5 ring of strength

@: mighty, marked, not resistant to hostile enchantments, extremely unstealthy
A: retaliatory headbutt, horns 2, clever 1
a: Berserk, Trog's Hand, Brothers in Arms, Burn Spellbooks, Renounce Religion


You were on level 9 of the Dungeon.
You worshipped Trog.
Trog was extremely pleased with you.
You were not hungry.

You visited 1 branch of the dungeon, and saw 9 of its levels.
You also visited: Ossuary.

You collected 482 gold pieces.
You spent 173 gold pieces at shops.

Inventory:

Hand Weapons
 a - a +1 hand axe
 n - a -3 hand axe
 z - a cursed +2 battleaxe (weapon)
 L - a +1 flail of crushing
Missiles
 U - a throwing net (quivered)
Armour
 b - a +0 animal skin
 g - a +0 ring mail (worn)
 j - a +1 cloak (worn)
 J - a cursed +0 ring mail
Jewellery
 i - a ring of see invisible (right hand)
 l - a +5 ring of strength (left hand)
 m - an uncursed ring of stealth
 I - a +4 ring of strength
 Q - an uncursed ring of sustain attributes {unknown}
 S - an uncursed amulet of faith {unknown}
 T - an uncursed ring of fire {unknown}
Wands
 C - a wand of paralysis (18)
 E - a wand of flame (32)
 G - a wand of flame (5)
 N - a wand of slowing (23)
Scrolls
 o - a scroll of fog
 q - 5 scrolls of remove curse
 s - a scroll of amnesia
 u - a scroll of fear
 x - 3 scrolls of torment
 F - 2 scrolls of teleportation
 H - 2 scrolls of recharging
 K - a scroll of random uselessness {unknown}
 P - 2 scrolls of identify
 W - a scroll of blinking {unknown}
Potions
 c - 2 potions of heal wounds
 e - a potion of ambrosia
 f - 2 potions of cancellation {unknown}
 h - a potion of poison
 k - a potion of lignification
 t - a potion of invisibility
 v - a potion of might
 w - a potion of mutation {unknown}
 A - 2 potions of berserk rage
 R - a potion of cure mutation {unknown}
Books
 B - a book of Hinderance

   Spells                             Type                      Level
   a - Confusing Touch                Hexes                        2
   b - Confuse                        Hexes                        3
   c - Gell's Gravitas                Hexes/Translocation          3
   d - Petrify                        Transmutation/Earth          4
   e - Metabolic Englaciation         Hexes/Ice                    5
   Trog disapproves of the use of such an item.
 D - a book of Unlife

   Spells                             Type                      Level
   a - Recall                         Summoning/Translocation      3
   b - Animate Dead                   Necromancy                   4
   c - Control Undead                 Necromancy                   4
   d - Cigotuvi's Embrace             Necromancy                   5
   e - Death Channel                  Necromancy                   6
   f - Simulacrum                     Ice/Necromancy               6
   Trog disapproves of the use of such an item.
 O - a book of Spatial Translocations

   Spells                             Type                      Level
   a - Apportation                    Translocation                1
   b - Blink                          Translocation                2
   c - Shroud of Golubria             Charms/Translocation         2
   d - Portal Projectile              Translocation                3
   e - Teleport Other                 Translocation                3
   f - Passage of Golubria            Translocation                4
   Trog disapproves of the use of such an item.
Miscellaneous
 y - a phial of floods
Comestibles
 d - 3 bread rations
 p - 12 fruits
 r - 3 meat rations
 M - a beef jerky
 V - 13 chunks of flesh
 X - 6 slices of pizza


   Skills:
 + Level 9.8 Fighting
 * Level 13.0 Axes
 + Level 9.3 Armour
 - Level 4.7 Dodging


You had 9 spell levels left.
You didn't know any spells.

Dungeon Overview and Level Annotations

Branches:
Dungeon (9/15)             Temple (0/1) D:5            Lair (0/8) D:9
    Orc: D:9-12

Altars:
Cheibriados
Elyvilon
Gozag
Makhleb
Okawaru
Xom

Shops:
D:4 !   D:5 *%[(=   D:9 }


Innate Abilities, Weirdness & Mutations

You reflexively headbutt those who attack you in melee.
You have a pair of horns on your head.
Your mind is acute. (Int +2)


Message History

The five-headed hydra bites you!
You lop one of the five-headed hydra's heads off!
The four-headed hydra grows two more!
You carve the six-headed hydra like a ham!!!
The six-headed hydra is heavily wounded.
The six-headed hydra bites you!
The six-headed hydra closely misses you. x2
The six-headed hydra barely misses you. x3
You hack one of the six-headed hydra's heads off!
The five-headed hydra grows two more!
You slash the seven-headed hydra! You headbutt the seven-headed hydra!
The seven-headed hydra is severely wounded.
The seven-headed hydra barely misses you.
The seven-headed hydra bites you but does no damage.
The seven-headed hydra bites you. The seven-headed hydra bites you!
* * * LOW HITPOINT WARNING * * *
The seven-headed hydra bites you!
* * * LOW HITPOINT WARNING * * *
The seven-headed hydra bites you!
You die...

##'### #.....# .....#
#.....# .....#
#.....# .....#
#.....#
.....#####.....#
.....'..##.....#
.....##..#.##########
.....###...#....(D%.#
###### ###.#....@#.)#
#.##'''###+#
###.....P≈.#
#.....≈≈P#
######..P..P≈≈#
#....#.....)≈P# #####
#....#.≈.≈.≈PP# ....#
#....####†#####
....###..........#


You could see a seven-headed hydra.

Vanquished Creatures
  A hill giant (D:9)
  A two-headed ogre (D:8)
  6 yaks
  Grum (D:8)
  A hungry ghost (D:9)
  3 wolves (D:8)
  2 orc warriors (D:8)
  2 water moccasins
  5 ogres
  A centaur (D:8)
  2 ice beasts
  A phantom (D:8)
  3 big kobolds (D:9)
  A crocodile (D:5)
  6 giant frogs
  3 water moccasin zombies (Ossuary)
  9 wights
  A crimson imp (D:7)
  3 hounds
  2 jellies
  A giant frog skeleton (D:5)
  5 orc wizards
  2 centaur skeletons
  An iguana (D:7)
  5 worker ants
  3 orc priests
  2 sheep (D:9)
  2 big kobold zombies (Ossuary)
  3 mummies
  A hound zombie (D:7)
  A hound skeleton (D:7)
  2 worker ant zombies
  9 gnolls
  8 adders
  4 adder zombies (Ossuary)
  4 worms
  3 giant geckos
  16 orcs
  3 ball pythons
  7 goblins
  15 hobgoblins
  11 jackals
  5 bats
  6 giant cockroaches
  A giant gecko zombie (D:5)
  7 giant newts
  4 gnoll zombies (Ossuary)
  3 hobgoblin zombies (Ossuary)
  11 kobolds
  5 kobold zombies (Ossuary)
  5 orc zombies (Ossuary)
  4 quokkas
  A rat (D:1)
214 creatures vanquished.

Vanquished Creatures (others)
  An adder (D:4)
  A kobold zombie (Ossuary)
2 creatures vanquished.

Grand Total: 216 creatures vanquished

Notes
Turn   | Place    | Note
--------------------------------------------------------------
     0 | D:1      | Vatticson the Minotaur Berserker began the quest for the Orb.
     0 | D:1      | Reached XP level 1. HP: 19/19 MP: 0/0
   345 | D:1      | Reached skill level 4 in Axes
   345 | D:1      | Reached XP level 2. HP: 16/27 MP: 1/1
  1245 | D:2      | Reached ** piety under Trog
  1245 | D:2      | Reached XP level 3. HP: 33/33 MP: 2/2
  1271 | D:2      | Found a snail-covered altar of Cheibriados.
  1273 | D:2      | Found a burning altar of Makhleb.
  2001 | D:3      | Reached XP level 4. HP: 39/41 MP: 3/3
  2152 | D:3      | Reached skill level 5 in Axes
  2182 | D:3      | Reached XP level 5. HP: 47/47 MP: 4/4
  2808 | D:4      | Found a sand-covered staircase.
  2820 | Ossuary  | Entered an ossuary
  3075 | Ossuary  | Reached skill level 5 in Fighting
  3075 | Ossuary  | Reached skill level 6 in Axes
  3075 | Ossuary  | Reached XP level 6. HP: 38/56 MP: 5/5
  3831 | Ossuary  | Gained mutation: Your mind is acute. (Int +2) [potion of beneficial mutation]
  3937 | D:4      | Found Mitsoet's Distillery.
  3940 | D:4      | Bought a potion of heal wounds for 55 gold pieces
  3940 | D:4      | Bought a potion of lignification for 33 gold pieces
  3940 | D:4      | Bought a potion of might for 44 gold pieces
  3978 | D:4      | Found an iron altar of Okawaru.
  3979 | D:4      | Reached *** piety under Trog
  4130 | D:5      | Entered Level 5 of the Dungeon
  4130 | D:5      | Found Istrikuuq's Food Emporium.
  4130 | D:5      | Noticed a water moccasin
  4147 | D:5      | Found Ypeom's Jewellery Shop.
  4148 | D:5      | Found Voumoi's Antique Armour Shoppe.
  4174 | D:5      | Killed a water moccasin
  4174 | D:5      | Reached XP level 7. HP: 61/61 MP: 6/6
  4212 | D:5      | Found Buwnits's Antique Weapon Shoppe.
  4213 | D:5      | Found a white marble altar of Elyvilon.
  4237 | D:5      | Reached skill level 7 in Axes
  4458 | D:5      | Found Kocit's General Store.
  4462 | D:5      | Bought a scroll of identify for 22 gold pieces
  4642 | D:5      | Found a staircase to the Ecumenical Temple.
  4683 | D:5      | Bought a beef jerky for 19 gold pieces
  4829 | D:5      | Reached skill level 5 in Armour
  5116 | D:5      | Found an opulent altar of Gozag.
  5313 | D:6      | Found a shimmering altar of Xom.
  5347 | D:6      | Found a shimmering altar of Xom.
  5347 | D:6      | Found a shimmering altar of Xom.
  5347 | D:6      | Found a shimmering altar of Xom.
  5349 | D:6      | Found a shimmering altar of Xom.
  5372 | D:6      | Found a shimmering altar of Xom.
  5382 | D:6      | You fall through a shaft!
  5433 | D:7      | Reached skill level 8 in Axes
  5433 | D:7      | Reached XP level 8. HP: 70/70 MP: 7/7
  5602 | D:7      | Noticed a yak
  5611 | D:7      | Noticed a yak
  5611 | D:7      | Noticed a yak
  5612 | D:7      | Noticed a yak
  5622 | D:7      | Killed a yak
  5623 | D:7      | Killed a yak
  5623 | D:7      | Reached skill level 9 in Axes
  5638 | D:7      | Killed a yak
  5642 | D:7      | Killed a yak
  6070 | D:7      | Reached **** piety under Trog
  6371 | D:7      | Reached skill level 10 in Axes
  6607 | D:7      | Reached XP level 9. HP: 55/80 MP: 8/8
  7173 | D:8      | Noticed Grum
  7180 | D:8      | Reached skill level 11 in Axes
  7191 | D:8      | Killed Grum
  8208 | D:8      | Reached skill level 12 in Axes
  8409 | D:8      | Reached XP level 10. HP: 91/91 MP: 9/9
  8689 | D:9      | Found Fooh's Gadget Shoppe.
  8796 | D:9      | Found a staircase to the Lair.
  8827 | D:9      | Noticed a hill giant
  8838 | D:9      | Killed a hill giant
  8888 | D:9      | Reached ***** piety under Trog
  8897 | D:9      | Reached skill level 13 in Axes
  9097 | D:9      | Noticed a three-headed hydra
  9104 | D:9      | Slain by a seven-headed hydra

Action                   |  1- 3 |  4- 6 |  7- 9 | 10-12 || total
-------------------------+-------+-------+-------+-------++-------
Melee: Hand axe          |    88 |   163 |    65 |       ||   316
       Battleaxe         |       |       |   136 |    49 ||   185
Invok: Berserk           |     1 |     2 |     2 |       ||     5
  Use: Scroll            |     6 |     6 |     6 |     1 ||    19
       Potion            |     1 |     7 |     3 |     2 ||    13
 Stab: Sleeping          |     2 |       |       |       ||     2
  Eat: Chunk             |     1 |       |     6 |     3 ||    10
       Bread ration      |     1 |       |     1 |       ||     2
       Meat ration       |       |     2 |       |       ||     2
       Beef jerky        |       |     1 |     1 |       ||     2
